Map: Moondance

Players

CommandeR - Winner!

  • Race: Protoss Protoss
  • League: Diamond

电脑难度(新手)

  • Race: Protoss Protoss

VOD

Have the link to the VOD?

Description

Time

  • Played on: Aug. 17, 2022, 12:10 p.m.
  • Length: 6:14
Show
View Real Time Build Order
Export as new Build Order

CommandeR Protoss - Winner!

Build Orders: 1 Gate Expand 

Get SALT Encoding   

  12  0:00  Probe  
  13  0:12  Probe  
  14  0:17  Pylon  
  14  0:24  Probe  
  15  0:36  Probe (Chrono Boost)  
  15  0:37  Gateway  
  16  0:48  Assimilator  
  16  0:49  Probe (Chrono Boost)  
  17  0:55  Probe (Chrono Boost)  
  17  0:56  Assimilator  
  18  1:03  Probe  
  19  1:11  Gateway  
  19  1:32  Nexus  
  19  1:38  Cybernetics Core  
  19  1:44  Pylon  
  19  2:14  Stargate  
  19  2:26  Assimilator  
  19  2:31  Assimilator  
  19  3:00  Probe  
  19  3:05  Void Ray (Chrono Boost)  
  24  3:12  Probe  
  25  3:16  Pylon  
  25  3:24  Probe  
  26  3:38  Void Ray (Chrono Boost)  
  26  3:39  Probe  
  31  3:51  Probe  
  32  4:06  Void Ray (Chrono Boost)  
  36  4:16  Probe  
  37  4:31  Nexus  
  37  4:44  Void Ray (Chrono Boost)  
  41  4:53  Probe  
  42  5:03  Pylon  
  42  5:05  Probe  
  47  5:17  Void Ray (Chrono Boost)  
  47  5:18  Probe  
  48  5:30  Probe (Chrono Boost)  
  49  5:42  Probe (Chrono Boost)  
  55  5:50  Probe (Chrono Boost)  
  55  5:52  Probe (Chrono Boost)  
  56  5:58  Assimilator  
  56  6:00  Assimilator  
  56  6:02  Probe x2 (Chrono Boost)  
Show
View Real Time Build Order
Export as new Build Order

电脑难度(新手) Protoss 

Build Orders:  

Get SALT Encoding   

  12  0:00  Probe  
  13  0:13  Probe  
  14  0:19  Pylon  
  14  0:37  Assimilator  
  14  0:42  Gateway  
  14  0:45  Pylon  
  14  1:13  Assimilator  
  14  1:17  Probe  
  14  1:25  Probe  
  16  1:32  Cybernetics Core  
  16  1:33  Probe  
  17  1:44  Probe  
  18  1:55  Probe  
  18  1:58  Warp Gate  
  19  2:03  Probe  
  20  2:11  Stalker  
  22  3:37  Stalker  
  22  3:39  Pylon  
  22  4:01  Pylon  
  22  4:03  Probe  
  21  4:12  Probe  
  21  4:15  Zealot  
  19  4:20  Probe  
  14  4:31  Probe  
  4  4:43  Probe  
  4  4:44  Zealot  
  5  5:06  Nexus  
  4  5:12  Zealot  
Tags
 
League
Diamond
Matchup
PvP
Add a new tag
Caveats
  • Supply blocks, unpowered buildings, or Contaminate may cause inaccurate times.
  • Supply counts are checked every 10 seconds.